 Dungeon Crawl Stone Soup version 0.31-a0-325-g067879e3d3 (webtiles) character file.

Game seed: 584681461762976706

113 cforsyth the Changeling (level 4, -8/35 HPs)
             Began as a Vampire Shapeshifter on July 18, 2023.
             Mangled by a gnoll
             ... wielding a +0 halberd
              (10 damage)
             ... on level 4 of the Dungeon.
             The game lasted 00:04:36 (1851 turns).

cforsyth the Changeling (Vampire Shapeshifter)      Turns: 1851, Time: 00:04:37

Health: -8/35      AC:  8    Str: 16    XL:     4   Next: 65%
Magic:  4/4        EV:  7    Int: 10    God:
Gold:   153        SH:  0    Dex: 14    Spells: 3/3 levels left

rFire   . .          .
                       - Unarmed
rCold   . . .        d - orb {light}
rNeg    . . .        n - +0 chain mail
rPois   .            (helmet currently unavailable)
rElec   .            (cloak currently unavailable)
rCorr   +            (gloves currently unavailable)
SInv    +            (boots currently unavailable)
Will    .....        (no amulet) Stlth
                     m - ring of resist corrosion
HPRegen 0.45/turn    (no ring)
MPRegen 0.09/turn

%: no passive effects
@: beast-form, healing quickly, glowing
A: beast (slay +2), alive, fangs 3, see invisible, vampiric 2
a: Exsanguinate, Begin Untransformation


You were on level 4 of the Dungeon.
You were a hulking beast.
You visited 1 branch of the dungeon, and saw 4 of its levels.

You collected 153 gold pieces.

Inventory:

Armour
 a - a +0 animal skin
 d - an orb of light (worn)
 n - a +0 chain mail (worn)
Jewellery
 e - a ring of wizardry
 m - a ring of resist corrosion (left hand)
 p - a ring of protection from fire
Talismans
 c - a beast talisman
Scrolls
 f - 3 scrolls of vulnerability {unknown}
 g - 2 scrolls of teleportation {unknown}
 h - a scroll of noise {unknown}
 i - 2 scrolls of blinking {unknown}
 k - 2 scrolls of identify {unknown}
 l - 2 scrolls of enchant armour {unknown}
Potions
 b - 2 potions of lignification
 j - 2 potions of curing {unknown}
 o - a potion of haste {unknown}
 q - a potion of magic {unknown}
 r - a potion of berserk rage {unknown}


   Skills:
 + Level 3.0 Fighting
 - Level 2.1 Dodging
 + Level 3.6 Unarmed Combat
 + Level 4.0 Shapeshifting


You had 3 spell levels left.
You didn't know any spells.
Your spell library was empty.

Dungeon Overview and Level Annotations

Branches:
Dungeon (4/15)
 Temple: D:4-7

Altars:
Fedhas
Makhleb


Innate Abilities, Weirdness & Mutations

You are a hulking beast.
Your limbs bulge with bestial killing power. (Slay +2)
Your natural rate of healing is accelerated.
You have razor-sharp teeth.
You have supernaturally acute eyesight. (SInv)
You are afflicted with vampirism and can become a bat while bloodless.


Message History

The adder is almost dead.
The adder closely misses you.
You hit the adder.
The adder is almost dead.
The adder barely misses you. The adder bites you but does no damage.
You hit the adder.
You kill the adder!
Your Fighting skill increases to level 3!
No target in view!
No target in view!
No target in view!
No target in view!
No target in view! 2 gnolls come into view.
The gnoll shouts! x2
There are monsters nearby!
A gnoll comes into view. It is wielding a +0 club.
The gnoll hits you with a +0 halberd!
There are monsters nearby!
You barely miss the gnoll.
The gnoll shouts!
The gnoll hits you with a +0 halberd.
You hit the gnoll. You bite the gnoll.
The gnoll is almost dead.
You barely miss the gnoll.
The gnoll is almost dead.
The gnoll hits you but does no damage. The gnoll hits you with a +0 flail!
You are too injured to fight recklessly!
You are too injured to fight recklessly!
You are too injured to fight recklessly!
You are too injured to fight recklessly!
You are too injured to fight recklessly!
You are too injured to fight recklessly!
You are too injured to fight recklessly!
You are too injured to fight recklessly!
You are too injured to fight recklessly!
The gnoll attacks as you move away! The gnoll hits you with a +0 halberd!
* * * LOW HITPOINT WARNING * * *
The gnoll hits you from afar with a +0 halberd!
You die...

#...... ##.####
#.# #.# #.# #.#
#.#
###############.#
#g.h............#
#g###############
..g ..### ... ..
.


You could see 2 gnolls.

Vanquished Creatures
  4 gnolls
  An adder (D:4)
  A worm (D:2)
  A dart slug (D:2)
  2 orcs (D:3)
  5 bats
  5 endoplasms
  7 giant cockroaches
  5 goblins
  3 hobgoblins
  5 jackals
  2 kobolds
  8 ball pythons
  2 frilled lizards
  4 rats
55 creatures vanquished.

Notes
Turn   | Place    | Note
-------+----------+-------------------------------------------
     0 | D:1      | cforsyth the Vampire Shapeshifter began the quest for the
                  | Orb.
     0 | D:1      | Reached XP level 1. HP: 16/16 MP: 1/1
   164 | D:1      | Reached XP level 2. HP: 17/22 MP: 2/2
   865 | D:2      | Gained mutation: You are afflicted with vampirism and can
                  | become a bat while bloodless. [Vampire growth]
   865 | D:2      | Reached XP level 3. HP: 27/28 MP: 3/3
  1364 | D:3      | Reached XP level 4. HP: 30/34 MP: 4/4
  1494 | D:3      | Reached skill level 4 in Shapeshifting
  1550 | D:3      | Identified the +0 buckler of Imperfection {SInv}
  1681 | D:3      | Found a blossoming altar of Fedhas.
  1734 | D:3      | Found a burning altar of Makhleb.
  1851 | D:4      | HP: 1/35 [gnoll/+0 halberd (14)]
  1851 | D:4      | Mangled by a gnoll

Illustrated notes

Levels and vault maps discovered:
D:1:      sevenhm_arrival_forest_fort_large_2, layout_rooms
D:2:      layout_basic
D:3:      layout_rooms, lightli_temple_of_fire, fedhas_altar_fruit_tree,
          amcnicky_mini_pool_small
D:4:      layout_loops_ring, temple_hall, chequers_serial_rivers_micro_e,
          uniq_crazy_yiuf_cottage, uniq_duvessa

Skill      XL: |  1  2  3  4 |
---------------+-------------+-----
Fighting       | 2 3 |  3.0
Unarmed Combat | 3 |  3.6
Shapeshifting  | 4 |  4.0
Dodging        | |  2.1

Action                     |  1- 3 |  4- 6 || total
---------------------------+-------+-------++-------
  Melee: Unarmed           |    83 |    43 ||   126
         Bite              |    13 |     6 ||    19
         Punch             |     1 |       ||     1
   Stab: Sleeping          |     1 |       ||     1
 Armour: Animal skin       |    11 |       ||    11
         Chain mail        |     5 |    24 ||    29
  Dodge: Dodged            |    40 |    13 ||    53

Table legend: (Time is in decaauts)
 A = Elapsed time spent in this place.
 B = Non-inter-level travel time spent in this place.
 C = Inter-level travel time spent in this place.
 D = Time resting spent in this place.
 E = Time spent auto-exploring this place.
 F = Levels seen in this place.
 G = Mean time per level.
                   A        B        C        D        E       F      G
               +--------+--------+--------+--------+--------+-----+--------+
         Total |   1844 |   1715 |    129 |    129 |   1247 |   4 |  461.0 |
       Dungeon |   1844 |   1715 |    129 |    129 |   1247 |   4 |  461.0 |
               +--------+--------+--------+--------+--------+-----+--------+

Top non-repeatable levels by time:
     D:1: 619 daAuts
     D:2: 614 daAuts
     D:3: 519 daAuts
     D:4: 91 daAuts
